Cogmind - Beta 13 @@@ ROGUE MODE // 2024.04.02 @ 17:52:57 Player: Kit Redgrave Result: Self-destructed Performance ------------- Evolutions (2) 1000 Regions Visited (3) 600 Robots Destroyed (55) 275 Value Destroyed (1820) 1820 Prototype IDs (1) 20 Alien Tech Used (0) 0 Bonus (153) 153 TOTAL SCORE: 3868 Bonus ------- High Alert Combat Kills 194 Friendly Fire -41 Cogmind --------- Core Integrity 361/550 Matter 35/300 Energy 125/125 System Corruption 0% Temperature Cool (0) Movement Treading (152) Location -8/Materials Parts ------- > --- POWER (1) -------- Light Ion Engine > --- PROPULSION (4) --- Improved Treads Advanced Treads > --- UTILITY (4) ------ Large Storage Unit ECM Suite > --- WEAPON (2) ------- Improved Assault Rifle > --- INVENTORY (15) --- Light Treads Small Storage Unit ECM Suite Hardlight Generator EM Pulse Gun Light Assault Rifle Peak State ------------ > --- POWER ------------ Deuterium Engine > --- PROPULSION ------- Improved Titanium Leg Improved Titanium Leg Improved Titanium Leg Improved Titanium Leg > --- UTILITY ---------- Scrap Shield > --- WEAPON ----------- Battle Rifle Improved Grenade Launcher > --- INVENTORY -------- Light Ion Engine Small Storage Unit EM Pulse Gun Assault Rifle Light Assault Rifle [Rating: 28] Favorites ----------- Power Subdweller Power Source Engine Subdweller Power Source Power Core Light Nuclear Core Propulsion Light Treads Treads Light Treads Leg Improved Titanium Leg Utility Scrap Shield Device ECM Suite Storage Large Storage Unit Processor Machine Analyzer Protection Scrap Shield Weapon Battle Rifle Energy Gun Medium Laser Ballistic Gun Battle Rifle Launcher Grenade Launcher Build | -11 -10 -10 -8 ------- Run | Yrd Mat Sub Mat Slots Evolved 4 | . . . 4 Power . | . . . . Propulsion 2 | . . . 2 Utility 2 | . . . 2 Weapon . | . . . . Parts Attached 49 | 7 7 5 30 Power 8 | 1 2 1 4 Engine 7 | 1 2 1 3 Core 1 | . . . 1 Reactor . | . . . . Propulsion 12 | 2 . . 10 Treads 8 | 2 . . 6 Leg 4 | . . . 4 Wheel . | . . . . Hover . | . . . . Flight . | . . . . Utility 18 | 2 2 2 12 Device 9 | 1 1 . 7 Storage 4 | 1 1 . 2 Processor 1 | . . . 1 Hackware . | . . . . Protection 4 | . . 2 2 Artifact . | . . . . Weapon 11 | 2 3 2 4 Energy Gun 1 | . 1 . . Energy Cannon . | . . . . Ballistic Gun 7 | 2 1 2 2 Ballistic Cannon . | . . . . Launcher 3 | . 1 . 2 Special Weapon . | . . . . Impact Weapon . | . . . . Slashing Weapon . | . . . . Piercing Weapon . | . . . . Special Melee Weapon . | . . . . Unidentified Prototypes 1 | . . . 1 Parts Lost 12 | . 1 2 9 Power 3 | . 1 . 2 Propulsion 3 | . . 1 2 Utility 4 | . . 1 3 Weapon 2 | . . . 2 Highest Loss Streak 6 | . 1 1 6 To Critical Strikes . | . . . . Average Slot Usage (%) 78 | . 99 81 72 Engine 9 | . 13 14 6 Core 1 | . . . 2 Treads 23 | . 28 24 21 Leg 2 | . . . 5 Device 4 | . 14 . 5 Storage 4 | . 14 . 4 Processor 1 | . . . 2 Protection 8 | . . 13 7 Ballistic Gun 13 | . 26 14 10 Launcher 9 | . 1 14 7 Naked Turns . | . . . . Heaviest Build 56 | 12 30 28 56 Greatest Support 85 | 40 40 40 85 Greatest Overweight (x) 1 | . . 1 1 Average Overweight (x) . | . . . . Largest Inventory Capacity 15 | 8 15 15 15 Average Capacity 8 | 5 10 5 9 Most Carried 10 | 2 8 9 10 Average Carried 5 | . 5 4 5 Final Capacity 15 | 8 15 5 15 Final Carried 7 | . 7 5 6 Class Distribution -------------------- 94% | Mutant 5% | Scavenger-Mutant Dominant Class ---------------- Mutant | -10/Materials Mutant | -10/Subcaves Mutant | -8/Materials Resources | -11 -10 -10 -8 ----------- Run | Yrd Mat Sub Mat Matter Collected 1402 | 278 116 295 713 Remotely 157 | 157 . . . Salvage Created 1615 | 100 35 278 1202 Parts 86 | 2 8 16 60 Haulers Intercepted 2 | . . . 2 Recyclers Shooed 5 | . . . 5 Parts Field Recycled . | . . . . Retrieved Matter . | . . . . Parts Self-Destructed 7 | . . 7 . Prevented . | . . . . Kills | -11 -10 -10 -8 ------- Run | Yrd Mat Sub Mat Combat Hostiles Destroyed 39 | . 3 10 26 Guns 10 | . 3 . 7 AOE 29 | . . 10 19 Classes Destroyed 12 | 1 1 2 8 Worker 2 | . . . 2 Builder 2 | . . . 2 Tunneler 1 | . . . 1 Hauler 2 | . . . 2 Recycler 4 | 1 . . 3 Operator 1 | . . . 1 Watcher 4 | . . . 4 Swarmer 5 | . 3 . 2 Grunt 19 | . . 1 18 Brawler 1 | . . . 1 Sentry 5 | . . . 5 Subdweller 9 | . . 9 . Best Kill Streak 9 | 1 3 8 9 Combat Bots Only 8 | . 3 8 7 Max Kills in Single Turn 4 | 1 2 4 4 Gunslinging 1 | . 1 . . Exploded 4 | . . 4 3 Melee . | . . . . Uniques/NPCs Destroyed . | . . . . Combat | -11 -10 -10 -8 -------- Run | Yrd Mat Sub Mat Hostile Shots Fired 196 | . 9 48 139 Missed 58 | . 3 17 38 Damage Taken 2577 | . 160 695 1722 Core 348 | . 10 149 189 Absorbed by Shields . | . . . . Regen/Repaired (Parts) 54 | . . . 54 Core Remaining (%) 68 | 100 . 36 . Volleys Fired 164 | 2 7 30 125 Largest 2 | 2 2 1 2 Hottest 61 | 40 50 30 61 Shots Fired 191 | 4 11 30 146 Gun 141 | 4 10 10 117 Cannon . | . . . . Launcher 50 | . 1 20 29 Special . | . . . . Kinetic 139 | 4 8 10 117 Thermal 2 | . 2 . . Explosive 50 | . 1 20 29 Electromagnetic . | . . . . Robot Hit Streak 14 | 1 2 4 14 Robot Miss Streak 4 | 1 4 2 4 Penetration Max . | . . . . Secondary Targets 1 | . 1 . . Max Gunslinging Chain 1 | . 1 . . Shots Hit Robots 109 | 2 3 11 93 Core Hits 107 | 2 3 23 79 Critical Kills . | . . . . Critical Parts Destroyed 3 | . . . 3 Critical Strikes 3 | . . . 3 Destroy 3 | . . . 3 Melee Attacks . | . . . . Impact . | . . . . Slashing . | . . . . Piercing . | . . . . Sneak Attacks . | . . . . Combat Hostiles . | . . . . Follow-up Attacks . | . . . . Damage Inflicted 5188 | 17 29 1457 3685 Guns 1230 | 17 29 60 1124 Cannons . | . . . . Explosions 3958 | . . 1397 2561 Melee . | . . . . Ramming . | . . . . Kinetic 1230 | 17 29 60 1124 Thermal . | . . . . Explosive 3958 | . . 1397 2561 Electromagnetic . | . . . . Impact . | . . . . Slashing . | . . . . Piercing . | . . . . Highest Corruption . | . . . . Average Corruption . | . . . . Corruption Purged . | . . . . Corruption Blocked . | . . . . Overload Shots . | . . . . Overflow Damage 143 | . 48 . 95 Projectiles . | . . . . Explosions 143 | . 48 . 95 Melee . | . . . . Knockbacks . | . . . . Impact . | . . . . Kinetic . | . . . . Secondary . | . . . . Self-Inflicted Damage 321 | . 108 32 181 Shots 6 | . 1 1 4 Rammed 1 | . . . 1 Targets Rammed 1 | . . . 1 Kicked . | . . . . Crushed . | . . . . Highest Temperature 22 | . 20 . 22 Average Temperature 9 | . 10 . 9 Received Heat Transfer 876 | . . 102 774 Siege Activations . | . . . . Robots Corrupted . | . . . . Combat Hostiles . | . . . . Parts Fried . | . . . . Impact Corruptions . | . . . . Robots Melted . | . . . . Combat Hostiles . | . . . . Parts Melted . | . . . . Heat Transferred . | . . . . Parts Sabotaged . | . . . . Parts Stolen . | . . . . Parts Stripped . | . . . . Power Chain Reactions . | . . . . Alert | -11 -10 -10 -8 ------- Run | Yrd Mat Sub Mat Peak Influence 748 | 5 120 . 748 Initial 3 | . 3 . . Average 205 | 1 28 . 248 Maximum Alert Level 3 | . . . 3 Low Security (%) 68 | 100 100 . 61 Level 1 4 | . . . 5 Level 2 22 | . . . 28 Level 3 3 | . . . 4 Level 4 . | . . . . Level 5 . | . . . . High Security . | . . . . Max Security . | . . . . Squads Dispatched 4 | . . . 4 Investigation 2 | . . . 2 Extermination . | . . . . Reinforcement 2 | . . . 2 Assault . | . . . . Garrison . | . . . . Intercept . | . . . . Searches Triggered . | . . . . Construction Impeded . | . . . . Haulers Reinforced . | . . . . Active Scanning Responses . | . . . . Cargo Convoy Interrupts . | . . . . Stealth | -11 -10 -10 -8 --------- Run | Yrd Mat Sub Mat Distress Signals 4 | . . . 4 Communications Jammed . | . . . . Distress Signals . | . . . . Times Spotted 59 | . 4 18 37 Peak Tracking Total 8 | . 3 8 4 Tactical Retreats 3 | . . 1 2 Traps | -11 -10 -10 -8 ------- Run | Yrd Mat Sub Mat Traps Triggered . | . . . . Indirectly . | . . . . Trap Hack Attempts . | . . . . Triggered . | . . . . Disarmed . | . . . . Reprogrammed . | . . . . Reused . | . . . . Traps Extracted . | . . . . Installed . | . . . . Triggered . | . . . . Machines | -11 -10 -10 -8 ---------- Run | Yrd Mat Sub Mat Machines Disabled 10 | . 1 . 9 Max in Single Turn 1 | . 1 . 1 Machines Repaired . | . . . . Machines Dismantled . | . . . . Machines Sabotaged . | . . . . Overloaded Fab Kills . | . . . . Hacking | -11 -10 -10 -8 --------- Run | Yrd Mat Sub Mat Machines Accessed 6 | . 1 1 4 Terminals 3 | . 1 . 2 Fabricators . | . . . . Repair Stations 1 | . . . 1 Recycling Units . | . . . . Scanalyzers 1 | . . . 1 Garrison Access . | . . . . Total Hacks 24 | . 2 2 20 Successful 19 | . . 2 17 Failed 5 | . 2 . 3 Catastrophic . | . . . . Database Lockouts . | . . . . Manual 2 | . . . 2 Terminals 15 | . 2 . 13 Fabricators . | . . . . Repair Stations 2 | . . . 2 Recycling Units . | . . . . Scanalyzers 5 | . . . 5 Garrison Access . | . . . . Terminal Hacks 13 | . . 2 11 Record 12 | . . 2 10 Part Schematic 1 | . . . 1 Fabricator Hacks . | . . . . Repair Station Hacks 2 | . . . 2 Scan Component 1 | . . . 1 Repair 1 | . . . 1 Recycling Unit Hacks . | . . . . Scanalyzer 4 | . . . 4 Insert Component 2 | . . . 2 Analyze 2 | . . . 2 Garrison Access Hacks . | . . . . Unauthorized Hacks . | . . . . Terminals . | . . . . Fabricators . | . . . . Repair Stations . | . . . . Recycling Units . | . . . . Scanalyzers . | . . . . Garrison Access . | . . . . Data Cores Recovered . | . . . . Used . | . . . . Hacking Detections 3 | . 1 . 2 Full Trace Events 2 | . . . 2 Feedback Events . | . . . . Feedback Blocked . | . . . . Robot Schematics Acquired . | . . . . Robots Built . | . . . . Authchips . | . . . . Time . | . . . . Total Robot Build Rating . | . . . . Part Schematics Acquired 3 | . . . 3 Parts Built . | . . . . Authchips . | . . . . Time . | . . . . Total Part Build Rating . | . . . . Parts Repaired 1 | . . . 1 Time 26 | . . . 26 Parts Recycled . | . . . . Recycled Matter . | . . . . Retrieved Matter . | . . . . Retrieved Components . | . . . . Parts Scanalyzed 2 | . . . 2 Part Schematics Acquired 2 | . . . 2 Parts Damaged . | . . . . Bothacking | -11 -10 -10 -8 ------------ Run | Yrd Mat Sub Mat Used RIF Installer . | . . . . Robots Hacked . | . . . . Non-combat . | . . . . Combat . | . . . . Robot Hacks Applied . | . . . . Relay Couplers Released . | . . . . Fabnet Peak Effective % . | . . . . Robots Rewired . | . . . . Allies Hacked . | . . . . Hacks Repelled . | . . . . Allies | -11 -10 -10 -8 -------- Run | Yrd Mat Sub Mat Total Allies . | . . . . Largest Group . | . . . . Highest-Rated Group . | . . . . Highest-Rated Ally . | . . . . Total Orders . | . . . . Ally Attacks . | . . . . Total Damage . | . . . . Kills . | . . . . Allies Corrupted . | . . . . Allies Melted . | . . . . Intel | -11 -10 -10 -8 ------- Run | Yrd Mat Sub Mat Robot Analysis Total . | . . . . Derelict Logs Recovered 2 | . . 2 . Drone Launches . | . . . . Drone Recoveries . | . . . . Exploration | -11 -10 -10 -8 ------------- Run | Yrd Mat Sub Mat Turns Passed 2858 | 81 282 941 1554 Spaces Moved 1415 | 42 155 488 730 Core 6 | 6 . . . Treads 1299 | 36 155 488 620 Legs 110 | . . . 110 Wheels . | . . . . Hover . | . . . . Flight . | . . . . Fastest Speed 50 | 50 160 160 130 Average Speed 165 | 144 160 175 161 Slowest Speed 240 | 160 160 240 240 Overloaded Moves . | . . . . Propulsion Burnouts . | . . . . Robots Hopped . | . . . . Cave-ins Triggered . | . . . . Exploration Rate (%) 32 | 4 25 36 63 Regions Visited 3 Branch Regions 1 Pre-discovered Areas 1 | . . 1 . Known Exits Taken . | . . . . Unknown Exits Taken 3 | 1 1 1 . Scrap Searched 1 | . . 1 . Spaces Dug 24 | . 7 17 . Terrain Destroyed 329 | . 39 90 200 Melee . | . . . . Projectile . | . . . . AOE 329 | . 39 90 200 Terrain Rammed . | . . . . Walls Destroyed . | . . . . Machines Disabled . | . . . . Actions | -11 -10 -10 -8 --------- Run | Yrd Mat Sub Mat Total 1748 | 59 176 547 966 Wait 62 | 2 . 10 50 Move 1412 | 41 154 487 730 Hop . | . . . . Pick Up 33 | 7 8 4 14 Fast Attach 10 | . . 1 9 Attach 21 | 7 1 1 12 Detach 5 | . . . 5 Swap 18 | . 6 3 9 Drop 17 | . . 6 11 Fire 164 | 2 7 30 125 Melee . | . . . . Ram . | . . . . Kick . | . . . . Crush 1 | . . . 1 Escape Stasis . | . . . . Rewire . | . . . . Trap . | . . . . Miscellaneous 5 | . . 5 . Route ------- -11/Scrapyard -10/Materials -10/Subcaves -8/Materials (discovered 3 exits: [*Fac x2] / [*Sto]) History --------- Turn | Location | Event 20 | -11/Scrapyard | Discovered new exit (range 16) 82 | -11/Scrapyard | Entered Materials 314 | -10/Materials | Build established: Mutant 326 | -10/Materials | Discovered new exit (range 8) 364 | -10/Materials | Entered Subcaves 402 | -10/Subcaves | Learned location of Storage (-8) 413 | -10/Subcaves | A swath of the cavern ceiling suddenly collapsed 588 | -10/Subcaves | Ambushed by Subdwellers from Twisted Machinery 589 | -10/Subcaves | Learned 2 Materials zone layouts 597 | -10/Subcaves | Ambushed by swarm of Subdwellers 605 | -10/Subcaves | Ambushed by Subdweller buried in earth 617 | -10/Subcaves | Core integrity fell below 50% 640 | -10/Subcaves | Destroyed 8 combat bots 811 | -10/Subcaves | Visited Clippyterm 873 | -10/Subcaves | Discovered new exit (range 14) 925 | -10/Subcaves | Shifting Twisted Machinery released Sub. Power Source 1004 | -10/Subcaves | Shifting Twisted Machinery released Battle Rifle 1305 | -10/Subcaves | Entered Materials 1305 | -8/Materials | Evolved 4 slots: Propulsion x2, Utility x2 1369 | -8/Materials | Discovered new exit (range 9) 1908 | -8/Materials | Repaired Lgt. Treads 2284 | -8/Materials | Discovered new exit (range 7) 2759 | -8/Materials | Discovered new exit (range 13) 2811 | -8/Materials | Destroyed 7 combat bots 2859 | -8/Materials | Self-destructed Last Messages --------------- 02823_ U-05 Engineer builds a Door. 02825_ K-01 Serf collects debris. 02826_ Acquired 25 matter. 02827_ U-05 Engineer lays Concrete. 02835_ Critical hit (Burn: +37). 02835_ Lgt. Treads destroyed. 02835_ G-50 Soldier destroyed. 02837_ Acquired 43 matter. 02844_ Critical hit (Burn: +37). 02845_ U-05 Engineer lays Concrete. 02847_ Hrd. Light Armor Plating destroyed. 02847_ U-05 Engineer lays Concrete. 02847_ U-05 Engineer builds a Wall. 02848_ U-05 Engineer lays Concrete. 02853_ U-05 Engineer builds a Wall. 02854_ U-05 Engineer lays Concrete. 02857_ Y-45 Defender destroyed. 02857_ U-05 Engineer lays Concrete. 02857_ U-05 Engineer builds a Door. 02858_ U-05 Engineer lays Concrete. Map ----- +----------------------------------------------------+ | ???????# ????????????????????????? | | ???????# ????????????????????????? | | ???????# #+#+????????????????????????? | | ???????##### ????????????????????????? | | ???????????# ????????????????????????? | | ???????????# ????????????????????????? | | ############ ????????????????????????? | | ???????????????????????????????????????? | | ???????????????????????????????????????? | | ?????????????????????????# #???????????? | | ????????????????????????? ???????????? | | ????????????????????????? #??????????? | | ????????????????????????# g #??????????? | | ????????????????????????# #??????????? | | ????????????????????????# g #??????????? | | ????????????????????????# #??????????? | | ????????????????????????# ####???????? | | ???????????????????????## !##??????? | | ??????????????????????? !#??????? | | ???????????????????????? !#??????? | | ???????????????????????? !#??????? | | ??????????????????????### !#??????? | | ?????????????????#????# !????????? | | ?????????????????# #### #######???? | | ?????????????????# o #???? | | ?????????????????# @ #???? | | ?????????????????# # #???? | | ?????????????##??# "T" = #???? | | ????????????## ### """ #???? | | ???????????? # #[u #???? | | ???????????""" #+ ###%= ########???? | | ???????????"""=%=#u * #??????? | | ??????????""" %+ ^ u < #??????? | | ?????????? #k* "" [ #??????? | | ?????????? ] # " !# ####???? | | ?????????? # #???? | | ???????????? # ^ !*#???? | | ??????????????##?# ! #???? | | ?????????????????# ! # #???? | | ??????????######## ! #???? | | ?????? + * !! # ] #???? | | ??????????##### #####"T"############???? | | ??????????????# #???#####??????????????? | | ??????????????# #??????????????????????? | | ??????????????# #??????????????????????? | | ???############+######?????????????????? | | ???# ## #?????????????????? | | ???# ## #?????????????????? | | ???# ## """ """ #?????????????????? | | #### ## """ """ #?????????????????? | +----------------------------------------------------+ Best States ------------- Heat Dissipation 31 Energy Generation 15 Energy Capacity 275 Matter Stores 300 Matter Capacity 300 Sight Range 16 Terrain Scan Density 10 ECM Strength 2 Armor Coverage 800 Evasion (%) 55 Recoil Reduction 7 Item Schematics ----------------- Imp. Treads | -8/Materials | Hacked Imp. Assault Rifle | -8/Materials | Scanalyzed Cesium-ion Thruster | -8/Materials | Scanalyzed Robot Schematics ------------------ None Fabricated ------------ Nothing Alien Tech Used ----------------- None Achievements -------------- Let's See Who's Tougher Maximum Efficiency Remodeling Use The Force Challenges ------------ None Game ------ Seed RelayBeamScreen Manual? 0 Play Time 01:00:57 Cumulative 1.6 hours Start 2024.04.02 @ 16:51:38 End 2024.04.02 @ 17:52:57 Sessions 1 Manual Loads 0 Difficulty Rogue Special Mode None Game No. 4 Rogue 4 Adventurer 0 Explorer 0 Win Type - Total 0 Types 0/0/0/0/0/0/0/0/0 Lore% 10 Gallery% 7 Achievement% 8 Wizard Run 0 Options --------- Layout 0 ASCII 0 Keyboard 0 Movement Mouse Keybinds 0 Fullscreen 1 Font 24/Terminus Map View 113x50 Zoom Use 0% Tactical HUD 1 Map Filters NONE Filters NONE Steam 1 RUN: c11f8861-1141-40ed-9872-02b8829c617c